 Dungeon Sprint DCSS version 0.32-a0-666-ge8a88695a4 (webtiles) character file.

Game seed: 11101250042236077826

6030 rocky1 the Bludgeoner (level 10, -1/157 HPs)
             Began as a Mountain Dwarf Fighter on Mar 10, 2024.
             Was an Initiate of Gozag.
             Slain by a guardian serpent (17 damage)
             ... in the Dungeon (Sprint VII: "The Pits").
             The game lasted 00:08:11 (3083 turns).

rocky1 the Bludgeoner (Mountain Dwarf Fighter)      Turns: 3083, Time: 00:08:11

Health: -1/157     AC: 12    Str: 21    XL:     10   Next: 56%
Magic:  14/14      EV:  6    Int: 11    God:    Gozag
Gold:   1220       SH:  0    Dex:  9    Spells: 15/15 levels left

rFire   . . .        t - +2 morningstar (heavy)
rCold   . . .        c - +0 buckler
rNeg    . . .        a - +0 scale mail "Kuoblaut" {rPois}
rPois   +            x - +2 hood of the Assassin {Detect Stab+ Stlth++}
rElec   .            (no cloak)
rCorr   .            (no gloves)
SInv    .            j - +0 pair of boots {rampage}
Will    +....        (no amulet) Stlth
                     (no ring)
HPRegen 0.46/turn    (no ring)
MPRegen 0.14/turn

%: no teleportation, rampage
@: berserking, held, slowed
A: runic magic, artefact enchanting
a: Renounce Religion, Potion Petition, Call Merchant, Bribe Branch


You were in the Dungeon.
You worshipped Gozag.
Gozag was most pleased with you.
You visited 1 branch You collected 4068 gold pieces.
You spent 2184 gold pieces at shops.
You paid 664 gold pieces to Gozag.

Inventory:

Hand Weapons
 t - a +2 heavy morningstar (weapon)
 v - a +2 war axe of freezing
Armour
 a - the +0 scale mail "Kuoblaut" (worn) {rPois}
   (You bought it in a shop in the Dungeon)

   rPois:     It protects you from poison.
 b - a +0 scale mail
 c - a +0 buckler (worn)
 j - a +0 pair of boots of rampaging (worn)
 o - a +0 pair of boots of rampaging
 p - a +2 plate armour
 u - a +4 chain mail
 w - a +2 hat of see invisible
 x - the +2 hood of the Assassin (worn) {Detect Stab+ Stlth++}
   (You bought it in a shop in the Dungeon)

   Detect:    It allows the wearer to sense nearby creatures.
   Stab+:     It allows the wearer to make particularly effective stabbing
   attacks against helpless or unaware enemies with any weapon.
   Stlth++:   It makes you much more stealthy.
Jewellery
 g - a +3 ring of dexterity
 i - a +3 ring of evasion
Scrolls
 l - 2 scrolls of vulnerability
 m - 5 scrolls of amnesia
 n - a scroll of butterflies
Potions
 d - a potion of might
 e - 8 potions of curing
 f - 3 potions of heal wounds
 h - 4 potions of magic
 k - 2 potions of invisibility
 r - a potion of mutation
 s - a potion of brilliance


   Skills:
 * Level 15.1 Fighting
 - Level 16.5 Maces & Flails
 + Level 11.3 Armour
 - Level 6.0 Dodging
 + Level 11.8 Shields
 - Level 3.0 Spellcasting


You had 15 spell levels left.
You didn't know any spells.
Your spell library was empty.

Dungeon Overview and Level Annotations

Branches:
Dungeon (1/1)

Altars:
Ashenzari
Cheibriados
Dithmenos
Elyvilon
Fedhas
Gozag
Hepliaklqana
Kikubaaqudgha
Makhleb
Nemelex Xobeh
Okawaru
Qazlal
Ru
Sif Muna
Trog
Uskayaw
Vehumet
Wu Jian
Xom
Yredelemnul
Zin
The Shining One
Beogh
Jiyva
Lugonu

Shops:
D [


Innate Abilities, Weirdness & Mutations

Your spellcasting is much less encumbered by armour.
You can use scrolls of enchantment on lesser artefacts.


Message History

The flayed ghost blinks into view!
The minotaur blinks!
The jumping spider leaps!
The guardian serpent casts a spell at you.
You feel much better.
The jumping spider pounces on you but does no damage.
The jumping spider misses you.
The guardian serpent coils itself and waves its upper body at you.
The flayed ghost hits you but does no damage.
The minotaur hits you! The minotaur barely misses you.
The guardian serpent coils itself and waves its upper body at you.
The jumping spider pounces on you but does no damage.
The jumping spider bites you but does no damage.
The minotaur hits you!!
The minotaur gores you but does no damage.
The flayed ghost hits you.
A red film seems to cover your vision as you go berserk!
You feel yourself moving faster!
You feel mighty! The jumping spider pounces on you.
You are caught in a web!
The jumping spider bites you but does no damage.
The guardian serpent hits you but does no damage.
The guardian serpent hits you. The jumping spider pounces on you.
You are even more entangled.
The jumping spider bites you. The flayed ghost hits you! The minotaur hits you.
The minotaur gores you but does no damage.
The guardian serpent coils itself and waves its upper body at you.
The jumping spider pounces on you!
* * * LOW HITPOINT WARNING * * *
You are even more entangled.
The jumping spider bites you.
* * * LOW HITPOINT WARNING * * *
You struggle to detach yourself from the web.
You feel a strong urge to attack something.
The flayed ghost hits you!
* * * LOW HITPOINT WARNING * * *
The minotaur hits you.
* * * LOW HITPOINT WARNING * * *
The minotaur gores you!
* * * LOW HITPOINT WARNING * * *
The guardian serpent hits you!
You die...
Your body crumbles into a pile of gold.

#####''#####################
...##('#########
...##..........#
...##..........+
...##..#####...#####+#
...##..'..∩#... ....
...##..#...#.. ...#
...##..#...#.#####..#
#####..#####.')H@#..#{
#####........#.WsSr.# '
.[[##........#...#........
.[.###'###...#...#........
).)##....+...#+###...####+
..)##....#...... ....#
.))##....#...........+
######################


You could see a minotaur, a flayed ghost, a guardian serpent, a jumping spider
and a hell rat.

Vanquished Creatures
  A great orb of eyes (D)
  A shadow wraith (D)
  A deep troll (D)
  2 phantasmal warriors (D)
  A manticore (D)
  An eye of devastation (D)
  A freezing wraith (D)
  A kobold demonologist (D)
  A tyrant leech (D)
  A jumping spider (D)
  A glass eye (D)
  Grum (D)
  4 vampire mosquitoes (D)
  A swamp drake (D)
  A black bear (D)
  A small abomination (D)
  2 crocodiles (D)
  2 wolves (D)
  An ogre (D)
  A kobold brigand (D)
  A bullfrog (D)
  A gnoll sergeant (D)
  A hound (D)
  A quasit (D)
  A gnoll bouda (D)
  A hell rat (D)
  6 gnolls (D)
  An ufetubus (D)
  An orc (D)
  A bat skeleton (D)
  A bat zombie (D)
  A giant cockroach (D)
  A hobgoblin (D)
  3 jackals (D)
  A quokka (D)
  2 ball pythons (D)
  A ball python skeleton (D)
  7 kobolds (D)
  A rat (D)
59 creatures vanquished.

Notes
Turn   | Place    | Note
-------+----------+-------------------------------------------
     0 | D        | rocky1 the Mountain Dwarf Fighter began the quest for the
                  | Orb.
     0 | D        | Reached XP level 1. HP: 19/19 MP: 1/1
    15 | D        | Noticed a glass eye
    31 | D        | Killed a glass eye
    32 | D        | Reached skill level 5 in Fighting
    32 | D        | Reached skill level 7 in Maces & Flails
    32 | D        | Reached skill level 5 in Armour
    32 | D        | Reached skill level 5 in Shields
    32 | D        | Reached XP level 2. HP: 29/29 MP: 1/6
    32 | D        | Reached XP level 3. HP: 36/36 MP: 1/7
    32 | D        | Reached XP level 4. HP: 42/42 MP: 1/8
    32 | D        | Reached XP level 5. HP: 48/48 MP: 1/9
   387 | D        | Found a bloodstained altar of Trog.
   387 | D        | Found a shimmering blue altar of Sif Muna.
   387 | D        | Found a viscous altar of Jiyva.
   387 | D        | Found a hazy altar of Hepliaklqana.
   387 | D        | Found an opulent altar of Gozag.
   389 | D        | Found a glowing golden altar of the Shining One.
   389 | D        | Found a glowing silver altar of Zin.
   389 | D        | Found a basalt altar of Yredelemnul.
   389 | D        | Found a shimmering altar of Xom.
   389 | D        | Found an ornate altar of the Wu Jian Council.
   389 | D        | Found a sacrificial altar of Ru.
   389 | D        | Found a stormy altar of Qazlal.
   389 | D        | Found an iron altar of Okawaru.
   389 | D        | Found a sparkling altar of Nemelex Xobeh.
   389 | D        | Found a burning altar of Makhleb.
   389 | D        | Found a blossoming altar of Fedhas.
   389 | D        | Found a white marble altar of Elyvilon.
   389 | D        | Found a shadowy altar of Dithmenos.
   389 | D        | Found a snail-covered altar of Cheibriados.
   392 | D        | Found a corrupted altar of Lugonu.
   392 | D        | Found a radiant altar of Vehumet.
   392 | D        | Found a roughly hewn altar of Beogh.
   393 | D        | Found an ancient bone altar of Kikubaaqudgha.
   393 | D        | Found a hide-covered altar of Uskayaw.
   393 | D        | Found a broken altar of Ashenzari.
   396 | D        | Became a worshipper of Gozag Ym Sagoz the Greedy
   454 | D        | Noticed a crocodile
   465 | D        | Killed a crocodile
   466 | D        | Reached skill level 8 in Maces & Flails
   472 | D        | Reached skill level 9 in Maces & Flails
   813 | D        | Noticed a black bear
   813 | D        | Noticed an ogre
   823 | D        | Reached XP level 6. HP: 58/58 MP: 10/10
   830 | D        | Reached skill level 11 in Maces & Flails
   835 | D        | Reached skill level 12 in Maces & Flails
   853 | D        | Reached skill level 13 in Maces & Flails
   895 | D        | Reached XP level 7. HP: 26/64 MP: 11/11
  1056 | D        | Noticed a freezing wraith
  1062 | D        | Killed a freezing wraith
  1063 | D        | Reached skill level 15 in Maces & Flails
  1424 | D        | Reached skill level 16 in Maces & Flails
  1720 | D        | Noticed a vampire mosquito
  1720 | D        | Noticed a vampire mosquito
  1720 | D        | Noticed a vampire mosquito
  1720 | D        | Noticed a vampire mosquito
  1720 | D        | Noticed a tyrant leech
  1729 | D        | Killed a vampire mosquito
  1730 | D        | Reached XP level 8. HP: 53/73 MP: 12/12
  1751 | D        | Killed a tyrant leech
  1906 | D        | Noticed an eye of devastation
  1917 | D        | Killed an eye of devastation
  1918 | D        | Reached skill level 10 in Fighting
  1918 | D        | Reached XP level 9. HP: 86/86 MP: 13/13
  2245 | D        | Noticed a great orb of eyes
  2252 | D        | Noticed a kobold demonologist
  2274 | D        | Noticed a smoke demon
  2277 | D        | Noticed an ice devil
  2278 | D        | Killed a great orb of eyes
  2279 | D        | Reached skill level 5 in Dodging
  2292 | D        | Killed a kobold demonologist
  2638 | D        | Noticed a phantasmal warrior
  2641 | D        | Killed a phantasmal warrior
  2642 | D        | Reached skill level 10 in Shields
  2660 | D        | Bought a masterwork scale mail for 216 gold pieces
  2660 | D        | Identified the +0 scale mail "Kuoblaut" {rPois} (You bought
                  | it in a shop in the Dungeon)
  2660 | D        | Bought a pair of embroidered boots for 180 gold pieces
  2660 | D        | Bought a pair of glowing boots for 180 gold pieces
  2660 | D        | Bought a glowing hat for 168 gold pieces
  2660 | D        | Bought the +2 hood of the Assassin {Detect Stab+ Stlth++}
                  | for 1440 gold pieces
  2660 | D        | Found the +2 hood of the Assassin {Detect Stab+ Stlth++}
  2717 | D        | Noticed a manticore
  2728 | D        | Killed a manticore
  2729 | D        | Reached skill level 10 in Armour
  2729 | D        | Reached XP level 10. HP: 87/101 MP: 14/14
  2884 | D        | Noticed Grum
  2884 | D        | Noticed a deep troll
  2885 | D        | Noticed a phantasmal warrior
  2890 | D        | Killed a phantasmal warrior
  2896 | D        | Killed a deep troll
  2900 | D        | Killed Grum
  3071 | D        | Killed a shadow wraith
  3072 | D        | Reached skill level 15 in Fighting
  3072 | D        | Noticed a flayed ghost
  3073 | D        | Noticed a guardian serpent
  3077 | D        | Noticed a minotaur
  3083 | D        | Slain by a guardian serpent

Illustrated notes

Levels and vault maps discovered:
D:        pitsprint [storerooms_1, entrance_room_1, metal_vault_8, armoury_2,
          mini_pit_1, grid_room_1, main_hall_1, silver_pit, the_coven_1,
          the_vestibule_1, steel_vault_4, golden_pit, hallway_of_sentries,
          crystal_vault_4, iron_vault_5, final_vault]

Skill      XL: |  1  2  3  4  5  6  7  8  9 10 |
---------------+-------------------------------+-----
Fighting       | 5 6 7 10 13 15 | 15.1
Maces & Flails | 7 9 13 16 | 16.5
Armour         | 5 7 10 11 | 11.3
Dodging        | 2 3 4 6 |  6.0
Shields        | 5 6 8 10 11 | 11.8
Spellcasting   | 3 |  3.0

Action                     |  1- 3 |  4- 6 |  7- 9 | 10-12 || total
---------------------------+-------+-------+-------+-------++-------
  Melee: Flail             |    15 |    84 |    63 |       ||   162
         Morningstar       |       |       |    68 |    23 ||    91
 Invoke: Call Merchant     |       |       |     1 |       ||     1
    Use: Potion            |       |     3 |     6 |     4 ||    13
         Scroll            |       |       |     1 |       ||     1
   Stab: Distracted        |       |     1 |     1 |       ||     2
 Armour: Scale mail        |       |    22 |     8 |    55 ||    85
         Plate armour      |       |    75 |    85 |       ||   160
  Dodge: Dodged            |       |    37 |    22 |    14 ||    73
  Block: Buckler           |       |    31 |    25 |     4 ||    60

Table legend: (Time is in decaauts)
 A = Elapsed time spent in this place.
 B = Non-inter-level travel time spent in this place.
 C = Inter-level travel time spent in this place.
 D = Time resting spent in this place.
 E = Time spent auto-exploring this place.
 F = Levels seen in this place.
 G = Mean time per level.
                   A        B        C        D        E       F      G
               +--------+--------+--------+--------+--------+-----+--------+
         Total |   3114 |   3055 |     59 |   2284 |      0 |   1 | 3114.0 |
       Dungeon |   3114 |   3055 |     59 |   2284 |      0 |   1 | 3114.0 |
               +--------+--------+--------+--------+--------+-----+--------+

Top non-repeatable levels by time:
       D: 3114 daAuts
